 Dungeon Crawl Stone Soup version 0.23-a0-619-g281719c (console) character file.

200 Duffy the Chopper (level 5, -3/41 HPs)
             Began as a Demonspawn Fighter on Dec 22, 2018.
             Slain by an ogre
             ... wielding a +0 giant club
              (18 damage)
             ... on level 7 of the Dungeon.
             The game lasted 00:02:07 (1270 turns).

Duffy the Chopper (Demonspawn Fighter)              Turns: 1270, Time: 00:02:08

Health: -3/41      AC:  6    Str: 16    XL:     5   Next: 48%
Magic:  5/5        EV:  6    Int: 10    God:
Gold:   59         SH:  8    Dex: 13    Spells: 4/4 levels left

rFire    . . .     SeeInvis .   a - +0 war axe
rCold    . . .     Gourm    .   c - +0 shield
rNeg     . . .     Faith    .   b - +0 scale mail
rPois    .         Spirit   .   (no helmet)
rElec    .         Reflect  .   (no cloak)
rCorr    .         Harm     .   (no gloves)
MR       .....                  (no boots)
Stlth    ..........             (no amulet)
HPRegen  0.13/turn              (no ring)
MPRegen  0.09/turn              (no ring)

@: no status effects
A: hooves 1, powered by death 1
a: no special abilities


You were on level 7 of the Dungeon.
You were not hungry.

You visited 1 branch of the dungeon, and saw 7 of its levels.

You collected 59 gold pieces.

Inventory:

Hand Weapons
 a - a +0 war axe (weapon)
Armour
 b - a +0 scale mail (worn)
 c - a +0 shield (worn)
Wands
 j - a wand of clouds (2)
Scrolls
 h - a scroll of teleportation {unknown}
 l - a scroll of noise {unknown}
Potions
 d - a potion of might
 e - 2 potions of lignification {unknown}
 g - a potion of cancellation {unknown}
 i - a potion of curing {unknown}
Comestibles
 f - 8 rations
 k - 7 chunks of flesh


   Skills:
 - Level 3.0 Fighting
 + Level 5.3 Axes
 - Level 2.6 Armour
 - Level 2.6 Shields


You had 4 spell levels left.
You didn't know any spells.
Your spell library was empty.

Dungeon Overview and Level Annotations

Branches:
Dungeon (7/15)
 Temple: D:4-7

Altars:


Innate Abilities, Weirdness & Mutations

You have large cloven feet.
You regenerate a little health from kills.


Message History

You are too injured to fight recklessly!
You are too injured to fight recklessly!
You are too injured to fight recklessly!
You are too injured to fight recklessly!
You are too injured to fight recklessly!
You are too injured to fight recklessly!
You are too injured to fight recklessly!
You are too injured to fight recklessly!
You are too injured to fight recklessly!
You are too injured to fight recklessly!
You are too injured to fight recklessly!
You are too injured to fight recklessly!
There's nothing to close nearby.
Evoke which item? (* to show all) (? for menu, Esc to quit)
Aiming: Cloud Cone
Press: ? - help, Dir - move target cursor, f - ogre
Aim: an ogre, wielding a +0 giant club (moderately wounded)
You create a blast of flame!
The ogre is engulfed in blazing flames.
The ogre hits you with a +0 giant club!!
You die...

###
#00
#0#
#O#
#@#
###


You could see an ogre.

Vanquished Creatures
  A crimson imp (D:6)
  A hound (D:5)
  A gnoll shaman (D:1)
  Terence (D:2)
  5 gnolls
  3 leopard geckos
  4 orcs
  3 bats
  2 goblins (D:1)
  4 jackals (D:5)
  A frilled lizard (D:1)
  2 kobolds
  A rat (D:1)
29 creatures vanquished.

Notes
Turn   | Place    | Note
-------+----------+-------------------------------------------
     0 | D:1      | Duffy the Demonspawn Fighter began the quest for the Orb.
     0 | D:1      | Reached XP level 1. HP: 18/18 MP: 1/1
     8 | D:2      | Noticed Terence
    19 | D:2      | Killed Terence
    19 | D:2      | Reached skill level 3 in Axes
    19 | D:2      | Gained mutation: You regenerate a little health from kills.
                  | [demonic ancestry]
    19 | D:2      | Reached XP level 2. HP: 4/24 MP: 2/2
   298 | D:1      | Reached XP level 3. HP: 14/29 MP: 3/3
   440 | D:1      | Reached skill level 4 in Axes
   440 | D:1      | Gained mutation: You have large cloven feet. [demonic
                  | ancestry]
   440 | D:1      | Reached XP level 4. HP: 3/35 MP: 4/4
   440 | D:1      | HP: 1/35 [gnoll shaman/+0 whip (5)]
   960 | D:5      | Entered Level 5 of the Dungeon
   967 | D:5      | Reached XP level 5. HP: 33/41 MP: 5/5
  1074 | D:5      | Reached skill level 5 in Axes
  1263 | D:7      | Noticed an ogre
  1270 | D:7      | Slain by an ogre

Vault maps used:
D:1:      dpeg_arrival_refuge
D:2:      uniq_terence
D:3:      minmay_quantized
D:4:      dk_vineyard_1, uniq_sigmund, uniq_natasha, uniq_eustachio
D:5:      grunt_temple_overflow_open, first_ration, serial_shops,
          nicolae_shop_trees, minmay_bent
D:6:      serial_shops, shop_coins, shop, shop, minmay_misc_feat_hallway,
          bh_chokoban, uniq_blork_the_orc
D:7:      minmay_temple_entry_proselytizer, kennysheep_minor_cross,
          grunt_livestock, lemuel_altar_in_water, uniq_joseph

Skill      XL: |  1  2  3  4  5 |
---------------+----------------+-----
Axes           | 3 4 5 |  5.3
Fighting       | |  3.0
Armour         | |  2.6
Shields        | |  2.6

Action                   |  1- 3 |  4- 6 || total
-------------------------+-------+-------++-------
Melee: War axe           |    47 |    68 ||   115
       Kick              |       |    12 ||    12
Evoke: Wand              |       |     1 ||     1
  Eat: Chunk             |       |     1 ||     1
Armor: Scale mail        |    32 |    28 ||    60
Dodge: Dodged            |    24 |    15 ||    39
Block: Shield            |    34 |    34 ||    68

Table legend:
 A = Non-vault XP
 B = Vault XP
 C = Vault XP percentage of total XP
 D = Non-vault monster count
 E = Vault monster count
 F = Vault count percentage of total count
                 A         B        C        D         E       F
            +---------+---------+-------+---------+---------+-------
      Total |     250 |      36 |  12.6 |      28 |       1 |   3.4
            +---------+---------+-------+---------+---------+-------
        D:1 |     114 |       0 |   0.0 |      13 |       0 |   0.0
        D:2 |      16 |      36 |  69.2 |       2 |       1 |  33.3
        D:3 |       7 |       0 |   0.0 |       3 |       0 |   0.0
        D:4 |       3 |       0 |   0.0 |       1 |       0 |   0.0
        D:5 |      57 |       0 |   0.0 |       7 |       0 |   0.0
        D:6 |      53 |       0 |   0.0 |       2 |       0 |   0.0
            +---------+---------+-------+---------+---------+-------
